AoeStats
← CrazyBen

Arena

510103537Analyzed
4v4 RM · 3d ago on Sep 29, 2026· 41m 52s· 8 players
Game mode
Random Map
Map size
Large (8 player)
Population
200
Speed
Normal
Resources
Standard
Victory
Conquest
Starting age
Dark Age
Ending age
Imperial Age
RankedLock teamsTeams togetherTeam positionsShared explorationLock speedFull tech treeHidden civsTurbo modeCheats
Victory
Defeat
🇯🇵 Bohemians · Japan
1627
+8
🇯🇵 Britons · Japan
1518
+12
🇯🇵 Persians · Japan
1458
+14
🇯🇵 Cumans · Japan
1320
+20
🇹🇼 Danes · Taiwan
1471
-15
🇫🇷 Japanese · France
1460
-15
🇪🇸 Byzantines · Spain
1420
-13
🇹🇼 Italians · Taiwan
1357
-11
VaultBoy
12:06 Feudal Age
13:24 Double-Bit Axe
13:21 Horse Collar
16:03 Castle Age
15:10 Gold Mining
17:07 Bow Saw
16:57 Heavy Plow
24:30 Imperial Age
22:17 Fletching
23:02 Bodkin Arrow
23:48 Padded Archer Armor
23:20 Elite Skirmisher
23:58 Crossbowman
26:12 Chemistry
25:33 Bracer
27:14 Ballistics
28:29 Arbalester
29:28 Elite Skirmisher
31:06 Leather Archer Armor
33:41 Ring Archer Armor
34:33 Forging
34:24 Scale Mail Armor
35:11 Scale Mail Armor
35:05 Pikeman
36:57 Iron Casting
37:31 Chain Mail Armor
38:09 Halberdier
slamdunk1024
10:28 Feudal Age
14:04 Castle Age
13:03 Double-Bit Axe
12:59 Horse Collar
14:19 Loom
16:59 Bow Saw
16:44 Town Watch
22:01 Gold Mining
22:51 Scale Barding Armor
22:57 Forging
22:16 Light Cavalry
23:46 Bloodlines
24:39 Husbandry
25:24 Iron Casting
25:13 Chain Barding Armor
33:33 Imperial Age
32:39 Scale Mail Armor
34:21 Squires
34:38 Chain Mail Armor
35:53 Iron Casting
Marchantia
11:17 Feudal Age
12:47 Double-Bit Axe
12:44 Horse Collar
15:06 Castle Age
16:08 Scale Mail Armor
16:19 Forging
17:02 Squires
16:47 Arson
21:15 Chain Mail Armor
22:51 Wheelbarrow
24:10 Iron Casting
24:18 Gold Mining
30:21 Hand Cart
30:00 Stone Mining
30:49 Gold Shaft Mining
35:52 Imperial Age
36:24 Gambesons
37:14 Plate Mail Armor
37:44 Blast Furnace
37:59 Pikeman
39:07 Halberdier
CrazyBen
10:48 Feudal Age
11:52 Double-Bit Axe
14:59 Castle Age
13:06 Horse Collar
15:58 Bow Saw
15:49 Heavy Plow
21:30 Gold Mining
22:20 Loom
24:00 Wheelbarrow
23:12 Town Watch
25:17 Fletching
28:25 Imperial Age
27:28 Hand Cart
27:07 Guard Tower
27:10 Fletching
26:44 Pikeman
27:25 Squires
27:42 Yasama
27:48 Bodkin Arrow
27:50 Treadmill Crane
28:50 Scale Mail Armor
28:28 Halberdier
29:11 Bracer
30:17 Chemistry
31:02 Two-Man Saw
30:38 Chain Mail Armor
30:14 Arrowslits
31:35 Ballistics
32:52 Plate Mail Armor
33:09 Keep
35:01 Conscription
35:32 Kataparuto
35:53 Masonry
36:31 Forging
37:31 Siege Engineers
happikon.6139
10:14 Feudal Age
13:57 Castle Age
12:06 Double-Bit Axe
12:44 Horse Collar
14:42 Bow Saw
16:32 Loom
20:14 Wheelbarrow
20:41 Heavy Plow
22:17 Stone Mining
23:26 Gold Mining
24:18 Stone Shaft Mining
25:06 Hand Cart
26:54 Gold Shaft Mining
29:04 Imperial Age
26:24 Town Watch
28:06 Scale Barding Armor
28:20 Bloodlines
28:10 Husbandry
28:50 Caravan
29:12 Chain Barding Armor
29:03 Forging
28:43 Elite War Elephant
29:41 Devotion
30:49 Plate Barding Armor
30:50 Iron Casting
31:01 Crop Rotation
32:27 Conscription
32:58 Coinage
34:34 Banking
34:28 Citadels
38:14 Chemistry
40:33 Guilds
42:49 Blast Furnace
41:40 Fletching
41:50 Murder Holes
yu_k1
10:37 Feudal Age
9:20 Loom
14:35 Castle Age
12:38 Double-Bit Axe
13:47 Fletching
16:53 Bow Saw
16:06 Crossbowman
18:12 Town Watch
21:25 Wheelbarrow
21:39 Bodkin Arrow
22:10 Padded Archer Armor
22:11 Horse Collar
23:54 Hand Cart
26:54 Yeomen
29:47 Imperial Age
29:24 Ballistics
29:46 Fortified Wall
29:56 Arbalester
30:38 Bracer
31:12 Conscription
34:21 Chemistry
33:37 Leather Archer Armor
35:03 Capped Ram
35:18 Elite Skirmisher
36:36 Conscription
37:44 Siege Engineers
38:11 Ring Archer Armor
claretta's skirt
8:54 Feudal Age
10:35 Double-Bit Axe
20:44 Castle Age
19:23 Wheelbarrow
21:59 Bow Saw
22:11 Gold Mining
22:11 Stone Mining
22:07 Horse Collar
24:17 Heavy Plow
24:48 Man-at-Arms
25:30 Scale Mail Armor
25:41 Forging
25:39 Long Swordsman
26:37 Chain Mail Armor
32:25 Iron Casting
31:38 Loom
34:31 Scale Barding Armor
34:43 Hand Cart
37:51 Imperial Age
35:48 Chain Barding Armor
36:08 Bloodlines
37:28 Light Cavalry
38:10 Cavalier
39:52 Plate Barding Armor
40:22 Blast Furnace
40:18 Fletching
40:41 Paladin
42:46 Conscription
Rito
10:24 Feudal Age
11:49 Double-Bit Axe
14:20 Castle Age
12:21 Double-Bit Axe
12:27 Horse Collar
15:18 Loom
15:46 Bow Saw
18:48 Fervor
20:52 Sanctity
24:35 Wheelbarrow
27:39 Imperial Age
25:41 Heavy Plow
26:03 Padded Archer Armor
27:41 Chemistry
26:59 Scale Mail Armor
27:15 Leather Archer Armor
27:53 Hand Cart
27:23 Town Watch
29:33 Fletching
30:11 Pikeman
30:51 Squires
32:06 Ring Archer Armor
31:57 Halberdier
34:31 Masonry
36:21 Two-Man Saw
35:56 Chain Mail Armor
35:46 Caravan
36:21 Forging
35:46 Houfnice
36:34 Siege Engineers
37:03 Ballistics
36:40 Bodkin Arrow
37:49 Plate Mail Armor
38:23 Bombard Tower
38:16 Arrowslits
41:03 Iron Casting
39:52 Crossbowman
41:27 Bracer
43:18 Blast Furnace
Connection lost

Rejoining the realm…

Still unreachable

The connection could not be restored.

Session expired

The server has moved on; the page needs a fresh start.